AoeStats
← elnano4cchi

Nomad

510235309Analyzed
3v3 RM · 2d ago on Sep 30, 2026· 58m 11s· 6 players
Game mode
Random Map
Map size
210×210
Population
200
Speed
Normal
Resources
Standard
Victory
Conquest
Starting age
Dark Age
Ending age
Imperial Age
RankedLock teamsTeams togetherTeam positionsShared explorationLock speedFull tech treeHidden civsTurbo modeCheats
Victory
Defeat
🇳🇿 Slavs · New Zealand
805
+16
🇨🇱 Romans · Chile
771
+17
🇲🇽 Varangians · Mexico
745
+19
🇺🇸 Sicilians · United States
856
-19
🇨🇳 Franks · China
808
-18
🇦🇷 Byzantines · Argentina
741
-15
pjanic1520
11:25 Loom
16:38 Feudal Age
22:38 Castle Age
23:04 Gold Mining
31:45 Husbandry
31:56 Bloodlines
36:16 Fishing Lines
40:36 Double-Bit Axe
44:19 Wheelbarrow
51:22 Gillnets
56:55 Hand Cart
Pheonix028
6:20 Loom
19:14 Feudal Age
21:07 Double-Bit Axe
22:02 Horse Collar
22:46 Gold Mining
22:59 Stone Mining
23:16 Fletching
23:28 Town Watch
26:52 Wheelbarrow
29:02 Wheelbarrow
28:55 Fishing Lines
31:57 Castle Age
32:16 Bloodlines
33:23 Heavy Plow
33:35 Bow Saw
34:50 Gold Shaft Mining
36:19 Masonry
36:12 Bodkin Arrow
37:21 Detinets
37:51 Guard Tower
40:08 Fortified Wall
40:57 Husbandry
42:13 Murder Holes
43:18 Gillnets
43:56 Scale Barding Armor
44:02 Forging
46:25 Hand Cart
46:57 Squires
46:18 Man-at-Arms
47:10 Pikeman
49:17 Iron Casting
48:42 Scale Mail Armor
48:41 Long Swordsman
51:43 Town Patrol
55:14 Imperial Age
52:58 Scale Mail Armor
55:38 Halberdier
57:13 Conscription
56:54 Druzhina
58:12 Chain Mail Armor
58:08 Capped Ram
FEHROE
6:38 Loom
17:42 Feudal Age
22:58 Castle Age
24:47 Man-at-Arms
27:24 Long Swordsman
29:36 Scale Mail Armor
31:17 Chain Mail Armor
32:43 Forging
38:00 Imperial Age
35:21 Town Watch
37:14 Gold Mining
37:09 Double-Bit Axe
37:22 Horse Collar
38:08 Capped Ram
40:18 Iron Casting
42:44 Legionary
44:13 Pikeman
46:19 Halberdier
47:00 Squires
48:48 Gold Shaft Mining
52:38 Conscription
55:47 Blast Furnace
58:25 Wheelbarrow
Charles Revenge
4:39 Loom
16:49 Feudal Age
18:14 Horse Collar
19:19 Wheelbarrow
22:09 Double-Bit Axe
22:40 Arson
23:57 Scale Mail Armor
30:29 Castle Age
28:53 Stone Mining
30:07 Forging
32:22 Pikeman
33:33 Bloodlines
33:54 Squires
34:13 Hand Cart
38:49 Gold Mining
39:10 Gambesons
46:21 Imperial Age
44:22 Husbandry
47:20 Cavalier
49:02 Scale Barding Armor
49:34 Iron Casting
52:08 Elite Serjeant
53:08 Murder Holes
53:26 Bow Saw
54:56 Chain Mail Armor
58:03 Chemistry
雷霆半月斩
10:21 Loom
15:29 Feudal Age
16:11 Double-Bit Axe
20:06 Forging
21:52 Gold Mining
24:31 Castle Age
31:14 Gold Shaft Mining
30:33 Stone Mining
33:12 Husbandry
39:05 Iron Casting
50:59 Bow Saw
51:31 Squires
51:42 Scale Barding Armor
54:41 Chain Barding Armor
elnano4cchi
6:07 Loom
15:23 Feudal Age
16:39 Double-Bit Axe
16:33 Man-at-Arms
17:16 Arson
19:48 Fishing Lines
26:09 Forging
29:00 Castle Age
30:45 Gambesons
30:20 Long Swordsman
31:38 Squires
32:19 Iron Casting
31:48 Scale Mail Armor
37:05 Gold Mining
38:10 Demolition Ship
39:27 Murder Holes
40:07 Ballistics
40:45 Wheelbarrow
43:29 Gillnets
45:22 Scale Barding Armor
47:53 Imperial Age
45:39 Hand Cart
47:52 Chain Barding Armor
47:48 Chain Mail Armor
48:09 Elite Cataphract
51:04 Plate Barding Armor
51:31 Chemistry
51:31 Logistica
51:42 Conscription
51:51 Bow Saw
51:34 Horse Collar
52:33 Gold Shaft Mining
51:54 Stone Mining
52:36 Greek Fire
54:37 Two-Man Saw
54:47 Plate Mail Armor
56:30 Pikeman
Connection lost

Rejoining the realm…

Still unreachable

The connection could not be restored.

Session expired

The server has moved on; the page needs a fresh start.